 Dungeon Crawl Stone Soup version 0.30-a0-263-ge22c4ad894 (webtiles) character file.

Game seed: 9339316465585463421

9564 ytrimaz the Cleaver (level 11, -7/102 HPs)
             Began as a Demigod Fighter on Oct 13, 2022.
             Mangled by a yak (11 damage)
             ... on level 8 of the Dungeon.
             The game lasted 00:13:03 (10011 turns).

ytrimaz the Cleaver (Demigod Fighter)              Turns: 10011, Time: 00:13:03

Health: -7/102     AC: 14    Str: 29    XL:     11   Next: 4%
Magic:  14/14      EV: 13    Int: 10    God:
Gold:   437        SH:  6    Dex: 13    Spells: 10/10 levels left

rFire   . . .      SeeInvis +    a - +0 war axe
rCold   . . .      Faith    .    c - +1 buckler
rNeg    . . .      Spirit   .    B - +3 scale mail {rPois}
rPois   +          Reflect  .    (no helmet)
rElec   .          Harm     .    y - +0 cloak {rCorr}
rCorr   +          Rampage  .    o - +1 pair of gloves
Will    +....                    s - +0 pair of boots
Stlth   ..........               t - amulet of magic regeneration
HPRegen 0.37/turn                j - ring of see invisible
MPRegen 0.54/turn                k - +4 ring of evasion

@: about to teleport
A: high MP 1, forlorn, divine attributes
a: no special abilities


You were on level 8 of the Dungeon.
You visited 3 branches of the dungeon, and saw 12 of its levels.
You also visited: Ossuary.

You collected 437 gold pieces.


Innate Abilities, Weirdness & Mutations

You have an increased reservoir of magic. (+10% MP)
You shall have no god before yourself.
Your divine heritage dramatically boosts your attributes as you level up.


   Skills:
 + Level 11.4 Fighting
 + Level 11.6 Axes
 - Level 2.8 Armour
 - Level 4.0 Shields


You had 10 spell levels left.
You didn't know any spells.
Your spell library contained the following spells:

 Spells                   Type           Power      Damage    Failure   Level
 Slow                     Hex            0%         N/A       71%         1
 Blink                    Tloc           0%         N/A       85%         2
 Momentum Strike          Conj/Tloc      0%         3d8       85%         2
 Confusing Touch          Hex            0%         N/A       97%         3
 Dazzling Flash           Conj/Hex       0%         N/A       97%         3
 Lesser Beckoning         Tloc           0%         N/A       97%         3
 Portal Projectile        Hex/Tloc       0%         N/A       97%         3
 Tukima's Dance           Hex            0%         N/A       97%         3
 Vampiric Draining        Necr           0%         2d6       97%         3
 Passage of Golubria      Tloc           0%         N/A       100%        4
 Agony                    Necr           0%         N/A       100%        5
 Blade Hands              Tmut           0%         N/A       100%        5
 Silence                  Hex/Air        0%         N/A       100%        5
 Yara's Violent Unravell  Hex/Tmut       0%         3d3       100%        5

Inventory:

Hand Weapons
 a - a +0 war axe (weapon)
Armour
 c - a +1 buckler (worn)
 o - a +1 pair of gloves (worn)
   (You found it on level 5 of the Dungeon)
 s - a +0 pair of boots (worn)
   (You found it on level 5 of the Dungeon)
 y - a +0 cloak of preservation (worn)
   (You took it off Maurice on level 8 of the Dungeon)
 z - +0 steam dragon scales
   (You took it off Maggie on level 7 of the Dungeon)
 B - a +3 scale mail of poison resistance (worn)
   (You took it off an orc on level 7 of the Dungeon)
Jewellery
 j - a ring of see invisible (left hand)
   (You found it on level 3 of the Dungeon)
 k - a +4 ring of evasion (right hand)
   (You found it on level 3 of the Dungeon)
 q - a ring of magical power
   (You found it on level 5 of the Dungeon)
 t - an amulet of magic regeneration (around neck)
   (You found it on level 7 of the Dungeon)
 A - a ring of resist corrosion
   (You found it on level 7 of the Dungeon)
 E - a ring of fire
   (You found it on level 9 of the Dungeon)
Wands
 i - a wand of digging (4)
   (You took it off Maurice on level 8 of the Dungeon)
 n - a wand of polymorph (16) (quivered)
   (You found it on level 4 of the Dungeon)
 D - a wand of iceblast (10)
   (You found it on level 8 of the Dungeon)
Scrolls
 b - 2 scrolls of silence
 d - 2 scrolls of teleportation
 e - 3 scrolls of enchant weapon
 g - a scroll of fog
 h - 2 scrolls of magic mapping
 v - a scroll of immolation
Potions
 l - a potion of berserk rage
 m - 4 potions of mutation
 p - a potion of magic {unknown}
 r - 3 potions of flight
 u - 3 potions of brilliance
 x - 4 potions of attraction
 C - a potion of resistance {unknown}

Dungeon Overview and Level Annotations

Branches:
Dungeon (10/15) Zot: 26033  Temple (1/1) D:7 Zot: 5998    Lair (1/5) D:8 Zot: 5984
    Orc (0/2) D:9         Ossuary (visited)

Annotations:
D:2 1 runed translucent door, Crazy Yiuf
D:6 1 runed translucent door, Sobieck's ghost, novice AtGl

...........#...##...##.........##
...............S#...#............
#..........#..#..Y≈...#........#.
##........##..Y#######...#####...
.....#...####...Y......### ##..
##.......#######......## #..
###...#......# #F#....### ####..
#.....#......###Y#F.#...# #..)..
.[..###.........@S..#.#.####.##.#
....# #..###...#......#....#.#..#
...####..#####.#.##...#......#.##
######...##......##..........#.#
............##..##...#.......#.#
####..##......#..#.#...........#
.....###..###.##.#.#..#......###
####.###.## #....#.##........#
##..##.## ####...##......>.#


You could see 2 yaks, a cane toad, a blink frog and a water moccasin.


Message History

The water moccasin bites you but does no damage.
The cane toad misses you. The yak completely misses you.
You block the yak's attack. The blink frog hits you!
The water moccasin bites you but does no damage.
The cane toad misses you.
There is a staircase back to the Dungeon, spattered with blood here. 😕 HP[-12]
You take 12 damage, and now have 90/102 hp.
Unknown command.
You block the yak's attack.
The blink frog hits you but does no damage.
The yak barely misses you.
The water moccasin bites you but does no damage.
The cane toad barely misses you.
You climb upwards.
Welcome back to the Dungeon!
There is a staircase to the Lair, spattered with blood here. 😕 HP[+1] Unknown command.
The yak attacks as you move away! The yak gores you.
The yak attacks as you move away! The yak gores you. The cane toad stings you.
You are poisoned.
The cane toad poisons you! The blink frog hits you!
The water moccasin bites you but does no damage. 😮 HP[-18]
You take 18 damage, and now have 73/102 hp.
You feel very sick.
The yak gores the plant!
The plant begins to die.
The cane toad stings you.
The blink frog blinks! 😮 HP[-7]
You take 7 damage, and now have 66/102 hp.
The water moccasin attacks as you move away!
The water moccasin closely misses you.
You feel very sick. The yak misses you.
The water moccasin closely misses you. 😮 HP[-4]
You take 4 damage, and now have 62/102 hp.
The water moccasin attacks as you move away!
The water moccasin misses you.
You feel sick.
The cane toad stings something.
The yak gores something. 😮 HP[-2]
You take 2 damage, and now have 60/102 hp.
The yak attacks as you move away! The yak misses you.
You feel sick. 😮 HP[-1]
You take 1 damage, and now have 59/102 hp.
You are too injured to fight recklessly!
You slash the yak!
You feel sick.
The yak gores you but does no damage. 😮 HP[-2]
You take 2 damage, and now have 57/102 hp.
You barely miss the yak.
You feel sick. The yak misses you. The blink frog hits you!
* * * LOW HITPOINT WARNING * * *
You are too injured to fight recklessly! 😨 HP[-11]
You take 11 damage, and now have 46/102 hp.
You feel sick.
You are too injured to fight recklessly!
You hit the yak but do no damage.
You feel sick. The yak closely misses you. 😨 HP[-1]
You take 1 damage, and now have 45/102 hp.
You slash the yak!
You feel sick. The yak closely misses you.
You barely miss the yak. You barely miss the blink frog.
You feel sick. You block the yak's attack. 😨 HP[-1]
You take 1 damage, and now have 44/102 hp.
The cane toad attacks as you move away! The cane toad stings you!
* * * LOW HITPOINT WARNING * * *
The blink frog attacks as you move away!
The blink frog hits you.
* * * LOW HITPOINT WARNING * * *
The yak attacks as you move away! The yak gores you!
* * * LOW HITPOINT WARNING * * *
You feel sick.
You are no longer poisoned.
The blink frog barely misses you. 😱 HP[-31]
You take 31 damage, and now have 13/102 hp.
MASSIVE DAMAGE!! (PAUSE)
Okay, then.
Okay, then.
The blink frog blinks! 😱 HP[+1]
You feel better. You block the yak's attack. 😱 HP[+10]
You regained 10 hp, and now have 24/102 hp.
The yak attacks as you move away! You block the yak's attack. 😱 HP[+1]
You barely miss the yak. The yak gores you!
* * * LOW HITPOINT WARNING * * *
😱 HP[-13]
You take 13 damage, and now have 12/102 hp.
You slash the yak! You block the yak's attack.
As you read the scroll of teleportation, it crumbles to dust.
You feel strangely unstable. The yak gores you!
* * * LOW HITPOINT WARNING * * *
😱 HP[-8]
You take 8 damage, and now have 4/102 hp.
Unknown command.
The yak attacks as you move away! The yak gores you!
You die...

Skill      XL: |  1  2  3  4  5  6  7  8  9 10 |
---------------+-------------------------------+-----
Axes           | 2 3 4 5 6 8 9 11 | 11.6
Shields        | 3 4 |  4.0
Fighting       | 3 4 6 8 9 11 | 11.4
Armour         | |  2.8

Action                   |  1- 3 |  4- 6 |  7- 9 | 10-12 || total
-------------------------+-------+-------+-------+-------++-------
Melee: War axe           |    97 |   236 |   325 |   228 ||   886
Evoke: Wand              |       |       |     4 |       ||     4
  Use: Scroll            |     3 |    10 |     6 |     3 ||    22
       Potion            |     2 |     2 |     4 |     8 ||    16
Armor: Scale mail        |    52 |    92 |    81 |   129 ||   354
       Chain mail        |       |       |    37 |       ||    37
Dodge: Dodged            |    41 |   121 |   200 |   234 ||   596
Block: Buckler           |    20 |    65 |    94 |   118 ||   297

Levels and vault maps discovered:
D:1:      onia_arrival_mini_maze_b, layout_rooms,
          dreamdust_ecumenical_altar_drowned_temple
D:2:      layout_loops_ring, basic_altar, minivault_24, uniq_crazy_yiuf_cottage
D:3:      layout_loops_ring, grunt_temple_overflow_order_and_chaos_1
D:4:      minmay_wonky_spiral, layout_basic
D:5:      layout_basic, kennysheep_nondescript
D:6:      layout_gridville, nicolae_ossuary_entry_monument,
          gammafunk_ghost_grave, minmay_tree_intersection, uniq_blork_the_orc
D:7:      layout_loops_cross, minmay_temple_entry_offerings,
          minmay_statues_item, grunt_decor_cap, uniq_maggie, uniq_duvessa
D:8:      layout_rooms, dpeg_oklobed_lair, uniq_maurice
D:9:      layout_rooms, orc_0_dummy, minivault_26, kennysheep_generic_room_14
D:10:     layout_basic
Temple:   nicolae_temple_bog_church
Lair:1:   layout_long_grid, grunt_megastairs_4, serial_bayou_shore_a

Notes
Turn   | Place    | Note
-------+----------+-------------------------------------------
     0 | D:1      | ytrimaz the Demigod Fighter began the quest for the Orb.
     0 | D:1      | Reached XP level 1. HP: 18/18 MP: 3/3
     0 | D:1      | magus.rc [v1.9.6]
   139 | D:1      | You add the spells Tukima's Dance, Passage of Golubria and
                  | Yara's Violent Unravelling to your library.
   184 | D:1      | Reached skill level 2 in Axes
   186 | D:1      | Reached XP level 2. HP: 10/25 MP: 4/4
   256 | D:1      | You pick up a book of the Senses and begin reading...
   256 | D:1      | You add the spells Dazzling Flash, Agony and Silence to
                  | your library.
   421 | D:1      | Reached skill level 3 in Shields
   651 | D:2      | You pick up a book of Weapons and begin reading...
   651 | D:2      | You add the spells Portal Projectile and Blade Hands to
                  | your library.
   680 | D:2      | Reached XP level 3. HP: 29/30 MP: 5/5
   715 | D:2      | HP: 7/30 [gnoll/+0 flail (5)]
   715 | D:2      | HP: 3/30 [gnoll/+0 halberd (4)]
   718 | D:2      | HP: 1/30 [gnoll/+0 halberd (2)]
   722 | D:2      | Reached skill level 3 in Axes
   722 | D:2      | Reached XP level 4. HP: 3/37 MP: 6/6
  1437 | D:2      | Found a runed translucent door.
  1438 | D:2      | Noticed Crazy Yiuf
  1633 | D:3      | Reached skill level 4 in Shields
  1643 | D:3      | You pick up a book of Spatial Translocations and begin
                  | reading...
  1643 | D:3      | You add the spells Blink, Momentum Strike and Lesser
                  | Beckoning to your library.
  1741 | D:3      | Noticed an angel
  1761 | D:3      | Reached skill level 3 in Fighting
  1928 | D:3      | Killed an angel
  2004 | D:3      | Reached XP level 5. HP: 41/45 MP: 7/7
  2440 | D:4      | Reached skill level 4 in Axes
  2841 | D:5      | Entered Level 5 of the Dungeon
  2906 | D:5      | Noticed an ogre
  2916 | D:5      | Killed an ogre
  2917 | D:5      | Reached XP level 6. HP: 40/52 MP: 8/8
  2985 | D:5      | Reached skill level 4 in Fighting
  3804 | D:6      | Found a runed translucent door.
  3810 | D:6      | Noticed Sobieck's ghost (novice AtGl)
  3841 | D:6      | Found a sand-covered staircase.
  3894 | D:6      | Identified the +6 rapier of Hijuoqad {vorpal, Int+3}
  3926 | Ossuary  | Entered an ossuary
  3952 | Ossuary  | Reached skill level 5 in Axes
  4018 | Ossuary  | Reached XP level 7. HP: 55/60 MP: 9/9
  4040 | Ossuary  | Reached skill level 5 in Fighting
  4257 | D:6      | Reached skill level 6 in Axes
  4375 | D:6      | Noticed a troll
  4386 | D:6      | Killed a troll
  4387 | D:6      | Reached skill level 6 in Fighting
  4387 | D:6      | Reached XP level 8. HP: 61/70 MP: 10/10
  4491 | D:6      | Noticed Blork the orc
  4501 | D:6      | Killed Blork the orc
  4706 | D:6      | Reached skill level 7 in Axes
  5277 | D:7      | Noticed a hornet
  5278 | D:7      | a hornet changed into a tengu
  5286 | D:7      | Reached skill level 7 in Fighting
  5357 | D:7      | Found a staircase to the Ecumenical Temple.
  5391 | D:7      | You pick up a book of Debilitation and begin reading...
  5391 | D:7      | You add the spells Slow, Vampiric Draining and Confusing
                  | Touch to your library.
  5737 | D:7      | Identified the +5 whip of Bashruvoo {vamp, rPois Str+4
                  | SInv}
  5830 | D:7      | Noticed Duvessa
  5834 | D:7      | Reached skill level 8 in Axes
  5847 | D:7      | Killed Duvessa
  5847 | D:7      | Noticed Dowan
  5862 | D:7      | Killed Dowan
  5949 | D:7      | Noticed Maggie
  5966 | D:7      | Killed Maggie
  5967 | D:7      | Reached skill level 8 in Fighting
  5967 | D:7      | Reached XP level 9. HP: 40/81 MP: 11/11
  6584 | D:7      | Reached skill level 9 in Axes
  6603 | D:8      | Noticed a two-headed ogre
  6647 | Temple   | Entered the Ecumenical Temple
  6693 | D:8      | Reached skill level 9 in Fighting
  6895 | D:8      | a two-headed ogre changed into a deep troll
  6895 | D:8      | Noticed a deep troll
  6906 | D:8      | a deep troll changed into a steelbarb worm
  6906 | D:8      | Noticed a steelbarb worm
  6923 | D:8      | HP: 20/81 [steelbarb worm (10)]
  6924 | D:8      | HP: 3/81 [steelbarb worm (17)]
  6925 | D:8      | Killed a steelbarb worm
  7320 | D:8      | Found a staircase to the Lair.
  7336 | D:8      | Noticed Maurice
  7361 | D:8      | Killed Maurice
  7609 | D:8      | Reached XP level 10. HP: 87/92 MP: 13/13
  7667 | D:8      | Reached skill level 10 in Axes
  7976 | D:9      | Reached skill level 10 in Fighting
  7987 | D:9      | Noticed a smoke demon
  8391 | D:9      | HP: 18/94 [killer bee (6)]
  8401 | D:9      | HP: 23/94 [killer bee (6)]
  8702 | D:9      | Found a staircase to the Orcish Mines.
  8891 | D:9      | Reached skill level 11 in Axes
  9040 | D:10     | Entered Level 10 of the Dungeon
  9163 | D:10     | Reached skill level 11 in Fighting
  9274 | D:10     | Noticed a two-headed ogre
  9288 | D:10     | HP: 3/95 [two-headed ogre/+0 giant club (24)]
  9492 | Lair:1   | Entered Level 1 of the Lair of Beasts
  9518 | D:8      | HP: 22/95 [blink frog (11)]
  9730 | D:8      | HP: 24/96 [yak (1)]
  9732 | D:8      | Reached XP level 11. HP: 26/102 MP: 14/14
  9735 | D:8      | HP: 21/102 [yak (6)]
  9745 | D:8      | HP: 15/102 [yak (3)]
 10002 | D:8      | HP: 14/102 [yak (13)]
 10007 | D:8      | HP: 12/102 [yak (13)]
 10009 | D:8      | HP: 4/102 [yak (9)]
 10011 | D:8      | Mangled by a yak

Vanquished Creatures
  A steelbarb worm (D:8)
  Maurice (D:8)
  Maggie (D:7)
  A kobold demonologist (D:9)
  A komodo dragon (D:9)
  2 trolls
  A hornet (D:9)
  4 blink frogs (D:8)
  12 yaks
  A shadow (D:10)
  A wyvern (D:9)
  A wraith (D:10)
  A steam dragon (D:7)
  3 acid dragons
  2 water moccasins (D:7)
  Duvessa (D:7)
  2 ice beasts (D:6)
  An orc warrior (D:9)
  A sky beast (D:7)
  A black bear (D:7)
  2 ogres
  A tengu (D:7)
  A centaur (D:9)
  A kobold brigand (D:8)
  Blork the orc (D:6)
  3 bullfrogs
  2 elf zombies (Ossuary)
  2 scorpions
  A necrophage (D:6)
  8 wights
  Dowan (D:7)
  15 killer bees
  3 howler monkeys
  6 human zombies (Ossuary)
  4 centaur zombies (Ossuary)
  A jelly (D:7)
  3 orc priests
  A gnoll bouda (D:4)
  A hound (D:7)
  An orc wizard (D:9)
  6 iguanas
  3 mummies (Ossuary)
  4 gnolls (D:2)
  14 adders
  A shadow imp (D:6)
  An ufetubus (D:6)
  4 dart slugs
  17 orcs
  10 ball pythons
  3 bats
  7 endoplasms
  3 giant cockroaches
  7 goblins
  4 hobgoblins
  5 quokkas
  2 frilled lizards
  12 kobolds
  6 rats
  A spectral hobgoblin (D:1)
207 creatures vanquished.

Vanquished Creatures (others)
  An angel (D:3)
  7 fungi
  5 plants (D:8)
13 creatures vanquished.

Grand Total: 220 creatures vanquished

Table legend:
 A = Non-vault XP
 B = Vault XP
 C = Vault XP percentage of total XP
 D = Non-vault monster count
 E = Vault monster count
 F = Vault count percentage of total count
                 A         B        C        D         E       F
            +---------+---------+-------+---------+---------+-------
      Total |   11746 |    1918 |  14.0 |     183 |      24 |  11.6
            +---------+---------+-------+---------+---------+-------
        D:1 |      34 |       1 |   2.9 |      19 |       1 |   5.0
        D:2 |     147 |       0 |   0.0 |      26 |       0 |   0.0
        D:3 |      59 |       0 |   0.0 |      14 |       0 |   0.0
        D:4 |      82 |      55 |  40.1 |      13 |       3 |  18.8
        D:5 |     199 |       0 |   0.0 |       8 |       0 |   0.0
        D:6 |     869 |      91 |   9.5 |      12 |       1 |   7.7
        D:7 |    1597 |     648 |  28.9 |      21 |       3 |  12.5
        D:8 |    4842 |     449 |   8.5 |      39 |       1 |   2.5
        D:9 |    3040 |       0 |   0.0 |      25 |       0 |   0.0
       D:10 |     877 |       0 |   0.0 |       6 |       0 |   0.0
    Ossuary |       0 |     674 | 100.0 |       0 |      15 | 100.0
            +---------+---------+-------+---------+---------+-------

Illustrated notes

Table legend:
 A = Kills in this place as a percentage of kills in entire the game.
 B = Kills by you in this place as a percentage of kills by you in the entire game.
 C = Kills by friends in this place as a percentage of kills by friends in the entire game.
 D = Other kills in this place as a percentage of other kills in the entire game.
 E = Experience gained in this place as a percentage of experience gained in the entire game.
 F = Experience gained in this place divided by the number of levels of this place that you have seen.
                   A       B       C       D       E      F
               +-------+-------+-------+-------+-------+----------------------
         Total | 100.0 | 100.0 |   N/A |   N/A | 100.0 | 1051.1
       Dungeon |  92.8 |  92.8 |   N/A |   N/A |  95.1 | 1299.0
       Ossuary |   7.2 |   7.2 |   N/A |   N/A |   4.9 | 674.0
               +-------+-------+-------+-------+-------+----------------------

Table legend: (Time is in decaauts)
 A = Elapsed time spent in this place.
 B = Non-inter-level travel time spent in this place.
 C = Inter-level travel time spent in this place.
 D = Time resting spent in this place.
 E = Time spent auto-exploring this place.
 F = Levels seen in this place.
 G = Mean time per level.
                   A        B        C        D        E       F      G
               +--------+--------+--------+--------+--------+-----+--------+
         Total |  10180 |   9826 |    354 |    810 |   7041 |  13 |  783.1 |
       Dungeon |   9826 |   9472 |    354 |    810 |   6876 |  10 |  982.6 |
        Temple |      1 |      1 |      0 |      0 |      0 |   1 |    1.0 |
          Lair |     15 |     15 |      0 |      0 |      0 |   1 |   15.0 |
       Ossuary |    336 |    336 |      0 |      0 |    165 |   1 |  336.0 |
               +--------+--------+--------+--------+--------+-----+--------+

Top non-repeatable levels by time:
     D:8: 2177 daAuts
     D:7: 1463 daAuts
     D:6: 1138 daAuts
     D:5: 952 daAuts
     D:9: 883 daAuts
     D:2: 867 daAuts
     D:3: 782 daAuts
     D:1: 666 daAuts
     D:4: 616 daAuts
 Ossuary: 336 daAuts
    D:10: 277 daAuts
  Lair:1: 15 daAuts
  Temple: 1 daAuts
